 Dungeon Crawl Stone Soup version 0.28.0-1-gb440e238dd (webtiles) character file.

Game seed: 11902664136159359731

39 Snicker the Sneak (level 3, -13/29 HPs)
             Began as a Demonspawn Delver on Feb 22, 2022.
             Killed from afar by Ijyb (22 damage)
             ... with a bolt of acid
             ... on level 4 of the Dungeon.
             The game lasted 00:01:03 (368 turns).

Snicker the Sneak (Demonspawn Delver)                Turns: 368, Time: 00:01:04

Health: -13/29     AC:  3    Str: 12    XL:     3   Next: 28%
Magic:  3/3        EV: 12    Int: 11    God:
Gold:   39         SH:  0    Dex: 16    Spells: 2/2 levels left

rFire   . . .      SeeInvis .   a - +0 short sword
rCold   . . .      Faith    .   (no shield)
rNeg    . . .      Spirit   .   b - +0 leather armour
rPois   .          Reflect  .   (no helmet)
rElec   .          Harm     .   (no cloak)
rCorr   .          Rampage  .   (no gloves)
Will    .....                   (no boots)
Stlth   +++.......              (no amulet)
HPRegen 0.09/turn               (no ring)
MPRegen 0.08/turn               (no ring)

@: no status effects
A: claws 1, demonic guardian 1
a: no special abilities


You were on level 4 of the Dungeon.
You visited 1 branch of the dungeon, and saw 4 of its levels.

You collected 39 gold pieces.

Inventory:

Hand Weapons
 a - a +0 short sword (weapon)
Armour
 b - a +0 leather armour (worn)
Wands
 g - a wand of digging (3)
 h - a wand of acid (7)
Scrolls
 c - a scroll of fog
 d - a scroll of magic mapping
 e - a scroll of fear
Potions
 f - a potion of haste
 i - a potion of brilliance {unknown}


   Skills:
 + Level 3.3 Fighting
 + Level 2.0 Short Blades
 + Level 0.1 Armour
 + Level 1.8 Dodging
 + Level 5.2 Stealth


You had 2 spell levels left.
You didn't know any spells.
Your spell library was empty.

Dungeon Overview and Level Annotations

Branches:
Dungeon (7/15)
 Temple: D:4-7

Altars:
Kikubaaqudgha

Annotations:
D:4 Ijyb
D:6 1 transporter, Prince Ribbit; spaghetti's ghost, novice OpHu


Innate Abilities, Weirdness & Mutations

You have sharp fingernails.
A weak demonic guardian rushes to your aid.


Message History

Aiming: Corrosive Bolt
Press: ? - help, Shift-Dir - straight line, f - adder
Aim: an adder (53% to hit)
The bolt of acid hits the adder!
The acid corrodes the adder!
You kill the adder!
Your Short Blades skill increases to level 2!
Unknown command.
You start resting.
An ogre is nearby!
An ogre is nearby!
An ogre is nearby!
You see here a +0 spear of freezing.
Found an escape hatch in the ceiling.
There is an escape hatch in the ceiling here.
A mysterious force pulls you upwards. The hatch slams shut behind you.
Ijyb shouts!
You completely miss the quokka.
The quokka bites you but does no damage.
You miss the quokka. The quokka bites you.
You hit the quokka but do no damage. The quokka bites you.
You hit the quokka.
The quokka is severely wounded.
The quokka misses you. The quokka barely misses you.
You hit the quokka but do no damage.
The quokka is heavily wounded.
The quokka bites you but does no damage.
You hit the quokka.
The quokka is severely wounded.
The quokka bites you.
You hit the quokka.
The quokka is almost dead.
The quokka closely misses you.
You hit the quokka.
You kill the quokka!
You hit Ijyb but do no damage. Ijyb hits you with a +0 club.
You hit Ijyb.
Ijyb is lightly wounded.
Ijyb zaps a wand.
The bolt of acid hits you!!
Ouch! That really hurt!
You die...

##...
...
...
... #
#.#.#
#.#.#
#...#
#.#
#@#
#g#
#.#
#.#
..#
..#
..#
#..#


You could see Ijyb.

Vanquished Creatures
  A bullfrog skeleton (D:6)
  An adder (D:5)
  A quokka (D:4)
3 creatures vanquished.

Vanquished Creatures (collateral kills)
  An orc (D:5)
1 creature vanquished.

Grand Total: 4 creatures vanquished

Notes
Turn   | Place    | Note
-------+----------+-------------------------------------------
     0 | D:5      | Snicker the Demonspawn Delver began the quest for the Orb.
     0 | D:5      | Reached XP level 1. HP: 18/18 MP: 1/1
    13 | D:6      | Reached skill level 5 in Stealth
    13 | D:6      | Gained mutation: A weak demonic guardian rushes to your
                  | aid. [demonic ancestry]
    13 | D:6      | Reached XP level 2. HP: 17/24 MP: 2/2
    27 | D:5      | Gained mutation: You have sharp fingernails. [demonic
                  | ancestry]
    27 | D:5      | Reached XP level 3. HP: 14/29 MP: 3/3
   250 | D:5      | Noticed an ogre
   266 | D:6      | Noticed an ogre
   273 | D:6      | Noticed a kobold brigand
   274 | D:6      | Found a transporter.
   274 | D:6      | Noticed spaghetti's ghost (novice OpHu)
   280 | D:7      | Noticed a steam dragon
   280 | D:7      | Noticed a bullfrog
   286 | D:6      | Noticed Prince Ribbit
   302 | D:6      | Found an ancient bone altar of Kikubaaqudgha.
   357 | D:4      | Noticed Ijyb
   368 | D:4      | Killed from afar by Ijyb

Illustrated notes

Levels and vault maps discovered:
D:4:      layout_loops_ring, grunt_gozag_statues, gammafunk_ghost_nasty_kobolds,
          uniq_ijyb
D:5:      kennysheep_slugbush, layout_loops_cross, serial_shops,
          nicolae_shop_hallway_plus
D:6:      layout_cave_pools, temple_statues, gammafunk_ghost_arena,
          serial_rivers, chequers_serial_rivers_micro_d,
          chequers_serial_rivers_large_a, chequers_serial_rivers_marsh,
          chequers_serial_rivers_micro_b, chequers_serial_rivers_small_a,
          chequers_serial_rivers_small_b, hangedman_feature_mirror,
          uniq_prince_ribbit1, uniq_blork_the_orc, uniq_crazy_yiuf_cottage,
          uniq_duvessa, uniq_pikel
D:7:      layout_layer_cave, serial_shops, kennysheep_mini_moat,
          minmay_starry_boxes

Skill      XL: |  1  2  3 |
---------------+----------+-----
Stealth        | 5 |  5.2
Short Blades   | 2 |  2.0
Fighting       | |  3.3
Armour         | |  0.1
Dodging        | |  1.8

Action                   || total
-------------------------++-------
Melee: Short sword       ||    25
Evoke: Wand              ||     1
 Stab: Sleeping          ||     1
Armor: Leather armour    ||     5
Dodge: Dodged            ||    13
